 Dungeon Crawl Stone Soup version 0.31-a0-1591-g515db51633 (webtiles) character file.

Game seed: 8792189599190265697

166 BigPumpCobain the Ruffian (level 5, -1/42 HPs)
             Began as a Draconian Shapeshifter on Jan 7, 2024.
             Was an Initiate of Hepliaklqana.
             Slain by Edmund
             ... wielding a +3 dire flail of holy wrath
              (15 damage)
             ... on level 4 of the Dungeon.
             The game lasted 00:03:14 (2362 turns).

BigPumpCobain the Ruffian (Draconian Shapeshifter)  Turns: 2362, Time: 00:03:14

Health: -1/42      AC:  5    Str: 18    XL:     5   Next: 22%
Magic:  0/5        EV: 12    Int: 11    God:    Hepliaklqana [......]
Gold:   176        SH:  0    Dex: 10    Spells: 4/4 levels left

rFire   . .          .
                       - Unarmed
rCold   . . .        (no shield)
rNeg    . . .        (body armour unavailable)
rPois   .            (helmet currently unavailable)
rElec   .            (cloak currently unavailable)
rCorr   .            (gloves currently unavailable)
SInv    .            (boots currently unavailable)
Will    .....        n - amulet of guardian spirit
Stlth   +            (no ring)
HPRegen 0.27/turn    (no ring)
MPRegen 0.09/turn

%: guardian spirit
@: beast-form
A: beast (slay +2), AC +5, unfitting armour, cold-blooded
a: Begin Untransformation, Renounce Religion


You were on level 4 of the Dungeon.
You worshipped Hepliaklqana.
Hepliaklqana was noncommittal.
You were a hulking beast.
You visited 1 branch of the dungeon, and saw 4 of its levels.

You collected 176 gold pieces.

Inventory:

Jewellery
 h - an amulet of the acrobat
 l - the ring of Cucometz {*Slow Fly rN++ MP+9 Stlth+}
   (You found it on level 2 of the Dungeon)

   [ring of magical power]

   rN++:      It greatly protects you from negative energy.
   MP+9:      It affects your magic capacity (+9).
   Fly:       It grants you flight.
   *Slow:     It may slow you when you take damage.
   Stlth+:    It makes you more stealthy.
 n - an amulet of guardian spirit (around neck)
 o - an amulet of faith
Talismans
 b - a beast talisman
 c - a flux talisman
Scrolls
 d - a scroll of identify {unknown}
 e - a scroll of acquirement {unknown}
 g - a scroll of teleportation {unknown}
 j - a scroll of enchant weapon {unknown}
 k - a scroll of immolation {unknown}
 s - a scroll of noise {unknown}
 u - a scroll of vulnerability {unknown}
Potions
 a - a potion of lignification
 f - a potion of resistance {unknown}
 i - a potion of heal wounds {unknown}
 m - a potion of curing {unknown}
 p - a potion of cancellation {unknown}
 q - a potion of ambrosia {unknown}
 r - a potion of attraction {unknown}
 t - a potion of mutation {unknown}


   Skills:
 + Level 2.5 Fighting
 - Level 1.7 Dodging
 * Level 4.5 Unarmed Combat
 * Level 4.1 Shapeshifting


You had 4 spell levels left.
You didn't know any spells.
Your spell library was empty.

Dungeon Overview and Level Annotations

Branches:
Dungeon (4/15)             Temple (0/1) D:4

Altars:
Hepliaklqana

Annotations:
D:4 Edmund


Innate Abilities, Weirdness & Mutations

You are a hulking beast.
Your limbs bulge with bestial killing power. (Slay +2)
Your plain brown scales are hard. (AC +5)
You cannot fit into any form of body armour.
You are cold-blooded and may be slowed by cold attacks.


Message History

No target in view!
No target in view!
No target in view!
No target in view!
No target in view!
No target in view!
You now have 167 gold pieces (gained 11).
u - a scroll labelled PUPIDU DANY
Found a ring mail.
You now have 176 gold pieces (gained 9).
Edmund the Younger comes into view.
He is wielding a +3 dire flail of holy wrath.
Okay, then.
You hit Edmund.
Edmund is lightly wounded.
Edmund hits you with a +3 dire flail of holy wrath!
You hit Edmund but do no damage.
Edmund is lightly wounded.
Edmund closely misses you.
You hit Edmund but do no damage.
Edmund is lightly wounded.
Edmund hits you with a +3 dire flail of holy wrath.
You punch Edmund!
Edmund is moderately wounded.
Edmund barely misses you.
You punch Edmund!
Your tail-slap misses Edmund.
Edmund is heavily wounded.
Edmund closely misses you.
You punch Edmund!
Edmund is severely wounded.
You hit Edmund but do no damage.
Edmund is severely wounded.
Edmund closely misses you.
You hit Edmund. You tail-slap Edmund.
Edmund is almost dead.
Edmund hits you with a +3 dire flail of holy wrath!
You hit Edmund.
Edmund is almost dead.
Edmund hits you with a +3 dire flail of holy wrath!
You die...
Edmund says, "That'll show my brother!"

.#. #.#.###### #.#.##...# .
#.#.##...# .. #.#.##...# ...
#.#.##...##.#.##.#
##..#######.#.##...##.#.##.#
...............@h......>##.#
......@.###.#.#######.#.##.#
@....##.......# #.#.##.# ###
.... #####...## #)#.##.##
#.. ###
#.#..######.#.##..###.#
#.#.............)......
#.######.##.#....#.#...
#...........#.##.#.#.#.
#.######.#...........#.


You could see Edmund.

Vanquished Creatures
  A hound (D:4)
  2 orc wizards
  An adder (D:2)
  2 dart slugs (D:1)
  2 ribbon worms (D:4)
  4 orcs
  4 ball pythons
  7 endoplasms
  2 giant cockroaches
  5 goblins
  6 hobgoblins
  6 jackals
  3 quokkas
  4 bats
  A frilled lizard (D:1)
  7 kobolds
  5 rats
62 creatures vanquished.

Notes
Turn   | Place    | Note
-------+----------+-------------------------------------------
     0 | D:1      | BigPumpCobain the Draconian Shapeshifter began the quest
                  | for the Orb.
     0 | D:1      | Reached XP level 1. HP: 16/16 MP: 1/1
    79 | D:1      | You fall into a shaft and drop 1 floor!
    92 | D:2      | Noticed an orc wizard
    97 | D:2      | Noticed an orc wizard
   106 | D:1      | Killed an orc wizard
   107 | D:1      | Reached XP level 2. HP: 7/24 MP: 2/2
   206 | D:1      | Reached XP level 3. HP: 29/29 MP: 3/3
   826 | D:2      | Reached XP level 4. HP: 26/36 MP: 4/4
   927 | D:2      | Identified the ring of Cucometz {*Slow Fly rN++ MP+9
                  | Stlth+}
  1955 | D:3      | Found a hazy altar of Hepliaklqana.
  1979 | D:3      | Became a worshipper of Hepliaklqana the Forgotten
  2009 | D:4      | Found a staircase to the Ecumenical Temple.
  2022 | D:4      | Reached XP level 5. HP: 38/42 MP: 5/5
  2338 | D:4      | Noticed Edmund
  2362 | D:4      | Slain by Edmund

Illustrated notes

Levels and vault maps discovered:
D:1:      dpeg_arrival_signposts, layout_basic,
          hangedman_abyss_or_decor_lesser_grid
D:2:      layout_loops_ring
D:3:      layout_rooms, worldfamousw_hep_ancestral_shrine
D:4:      minmay_goblin_kobold_castle, layout_basic, grunt_qazlal_sundering,
          minmay_temple_entry_ruins, uniq_edmund

Skill      XL: |  1  2  3  4 |
---------------+-------------+-----
Fighting       | 2 |  2.5
Unarmed Combat | 4 |  4.5
Shapeshifting  | 4 |  4.1
Dodging        | |  1.7

Action                     |  1- 3 |  4- 6 || total
---------------------------+-------+-------++-------
  Melee: Unarmed           |    70 |    99 ||   169
         Tailslap          |    11 |     9 ||    20
         Punch             |       |     5 ||     5
   Stab: Sleeping          |     1 |       ||     1
 Armour: Skin              |    29 |    35 ||    64
  Dodge: Dodged            |    40 |    57 ||    97

Table legend: (Time is in decaauts)
 A = Elapsed time spent in this place.
 B = Non-inter-level travel time spent in this place.
 C = Inter-level travel time spent in this place.
 D = Time resting spent in this place.
 E = Time spent auto-exploring this place.
 F = Levels seen in this place.
 G = Mean time per level.
                   A        B        C        D        E       F      G
               +--------+--------+--------+--------+--------+-----+--------+
         Total |   2348 |   2256 |     92 |      0 |   1865 |   4 |  587.0 |
       Dungeon |   2348 |   2256 |     92 |      0 |   1865 |   4 |  587.0 |
               +--------+--------+--------+--------+--------+-----+--------+

Top non-repeatable levels by time:
     D:1: 707 daAuts
     D:2: 703 daAuts
     D:3: 573 daAuts
     D:4: 364 daAuts
